 Dungeon Crawl Stone Soup version 0.28-b1-25-g9875b3fc8c (webtiles) character file.

Game seed: 13876116032284125514

249 unlimited1921 the Cudgeller (level 5, -5/53 HPs)
             Began as a Troll Fighter on Feb 1, 2022.
             Engulfed by a cloud of flame (18 damage)
             ... on level 3 of the Dungeon.
             The game lasted 00:09:29 (2852 turns).

unlimited1921 the Cudgeller (Troll Fighter)         Turns: 2852, Time: 00:09:31

Health: -5/53      AC:  7    Str: 24    XL:     5   Next: 86%
Magic:  4/4        EV:  9    Int:  4    God:
Gold:   169        SH:  8    Dex: 11    Spells: 4/4 levels left

rFire   . . .      SeeInvis .   a - +0 flail
rCold   . . .      Faith    .   c - +0 kite shield
rNeg    . . .      Spirit   .   D - +2 animal skin
rPois   .          Reflect  .   (helmet restricted)
rElec   .          Harm     .   z - +0 cloak
rCorr   .          Rampage  .   (gloves unavailable)
Will    .....                   (boots unavailable)
Stlth   +.........              u - amulet of regeneration
HPRegen 1.77/turn               (no ring)
MPRegen 0.09/turn               (no ring)

@: no status effects
A: large, unfitting armour, claws 3, regeneration 1, shaggy fur 1, tough skin 1
a: no special abilities


You were on level 3 of the Dungeon.
You visited 1 branch of the dungeon, and saw 3 of its levels.

You collected 169 gold pieces.

Inventory:

Hand Weapons
 a - a +0 flail (weapon)
 h - a +0 short sword
 v - a +0 rapier
 y - a +2 quarterstaff of chaos
 C - a +0 dagger of freezing
Missiles
 g - a throwing net (quivered)
 r - 79 stones
 B - 42 sling bullets
Armour
 b - a +0 robe
 c - a +0 kite shield (worn)
 z - a +0 cloak (worn)
 D - a +2 animal skin (worn)
Magical Staves
 i - a staff of poison
Jewellery
 u - an amulet of regeneration (around neck)
Wands
 x - a wand of digging (8)
Scrolls
 e - 3 scrolls of immolation
 f - a scroll of holy word {unknown}
 j - a scroll of fear {unknown}
 k - a scroll of silence {unknown}
 l - 2 scrolls of amnesia {unknown}
 m - a scroll of vulnerability {unknown}
 n - a scroll of magic mapping {unknown}
 p - 4 scrolls of identify {unknown}
 w - a scroll of blinking {unknown}
 A - a scroll of enchant weapon {unknown}
Potions
 d - a potion of might
 o - 2 potions of haste {unknown}
 q - a potion of curing {unknown}
 s - a potion of mutation {unknown}
 t - a potion of magic {unknown}
 E - a potion of resistance {unknown}


   Skills:
 + Level 3.2 Fighting
 + Level 3.6 Maces & Flails
 + Level 3.0 Dodging
 + Level 0.8 Stealth
 + Level 3.2 Shields


You had 4 spell levels left.
You didn't know any spells.
Your spell library contained the following spells:

 Spells                   Type           Power      Damage    Failure   Level
 Pain                     Necr           0%         1d4       80%         1
 Agony                    Necr           0%         N/A       100%        5
 Excruciating Wounds      Necr           0%         N/A       100%        5


Dungeon Overview and Level Annotations

Branches:
Dungeon (3/15)

Altars:
Ashenzari
Dithmenos
Elyvilon
Kikubaaqudgha
The Shining One


Innate Abilities, Weirdness & Mutations

You are too large for most types of armour.
You have claws for hands.
Your natural rate of healing is unusually fast.
You are covered in fur. (AC +1)
You have tough skin. (AC +1)


Message History

You sock the rat!
You kill the rat!
You see here a rat corpse.
Found a robe.
You see here a rat corpse.
Found a glowing golden altar of the Shining One.
You see here a rat corpse.
Really walk into a travel-excluded area?
Found 7 gold pieces.
You are engulfed in blazing flames.
Really walk into a travel-excluded area?
Uppercase [Y]es or [N]o only, please.
Really walk into a travel-excluded area?
Okay, then.
Really walk into a travel-excluded area?
Really walk into that cloud of flame? [Y]es or [N]o only, please.
Really walk into that cloud of flame?
Okay, then.
You are engulfed in blazing flames.
You are engulfed in blazing flames.
You are engulfed in blazing flames.
* * * LOW HITPOINT WARNING * * *
You are engulfed in blazing flames.
* * * LOW HITPOINT WARNING * * *
Found a dagger.
You see here a +0 robe.
You now have 141 gold pieces (gained 16).
B - 42 sling bullets (gained 15)
You now have 148 gold pieces (gained 7).
You now have 169 gold pieces (gained 21).
You start resting.
HP restored.
You see here a +0 robe.
Really walk into a travel-excluded area?
You are engulfed in blazing flames.
You are engulfed in blazing flames.
* * * LOW HITPOINT WARNING * * *
You are engulfed in blazing flames.
You die...

#☼§○# #†# ##.
######...#####.#
##
#.○○○.....☼§§..#
#
#.§.§...[.○°°..#
#.§°§.....○○☼..#
######...#####.#
#☼§§# #.# #§§☼#
#.# #@○○# #.#
#...#####.#
##........#
##########


There were no monsters in sight!

Vanquished Creatures
  A water moccasin skeleton (D:2)
  Crazy Yiuf (D:2)
  Jessica (D:2)
  Robin (D:3)
  4 adders
  A worm (D:2)
  4 dart slugs
  4 bats
  5 endoplasms
  16 goblins
  9 hobgoblins
  14 jackals (D:1)
  4 kobolds
  3 quokkas
  5 ball pythons
  4 frilled lizards
  4 rats
81 creatures vanquished.

Notes
Turn   | Place    | Note
-------+----------+-------------------------------------------
     0 | D:1      | unlimited1921 the Troll Fighter began the quest for the
                  | Orb.
     0 | D:1      | Reached XP level 1. HP: 22/22 MP: 0/0
   127 | D:1      | Reached XP level 2. HP: 28/29 MP: 1/1
   357 | D:1      | Reached XP level 3. HP: 33/36 MP: 2/2
  1082 | D:1      | Found a broken altar of Ashenzari.
  1172 | D:2      | Noticed Jessica
  1181 | D:2      | Killed Jessica
  1182 | D:2      | Reached XP level 4. HP: 45/45 MP: 3/3
  1517 | D:2      | Reached XP level 5. HP: 40/53 MP: 4/4
  1790 | D:2      | Found a faded altar of an unknown god.
  2022 | D:2      | Found a runed translucent door.
  2023 | D:2      | Noticed Crazy Yiuf
  2222 | D:2      | Killed Crazy Yiuf
  2350 | D:3      | Found a shadowy altar of Dithmenos.
  2350 | D:3      | Found an ancient bone altar of Kikubaaqudgha.
  2350 | D:3      | Found a white marble altar of Elyvilon.
  2466 | D:3      | Noticed Robin
  2508 | D:3      | Killed Robin
  2728 | D:3      | Found a glowing golden altar of the Shining One.
  2802 | D:3      | HP: 1/53 [something (5)]
  2852 | D:3      | Engulfed by a cloud of flame

Illustrated notes

Levels and vault maps discovered:
D:1:      dpeg_arrival_water_altar, layout_loops_corners, serial_park_tiny_pond,
          minivault_14
D:2:      layout_loops_cross, ebering_ecumenical_altar_box, grunt_ministairs_15,
          uniq_crazy_yiuf_cottage, uniq_jessica
D:3:      layout_rooms, nicolae_tso_carved_into_rock,
          gammafunk_temple_overflow_claw, lemuel_flame_loot_1, uniq_robin

Skill      XL: |  1  2  3  4  5 |
---------------+----------------+-----
Maces & Flails | 2 3 |  3.6
Fighting       | 3 |  3.2
Shields        | 3 |  3.2
Dodging        | 3 |  3.0
Stealth        | |  0.8

Action                   |  1- 3 |  4- 6 || total
-------------------------+-------+-------++-------
Melee: Flail             |   148 |   163 ||   311
Throw: Throwing net      |     1 |     2 ||     3
  Use: Scroll            |     1 |       ||     1
 Stab: Sleeping          |       |     2 ||     2
Armor: Robe              |    60 |    51 ||   111
       Animal skin       |       |     4 ||     4
Dodge: Dodged            |    59 |    86 ||   145
Block: Kite shield       |    66 |    80 ||   146
